 Dungeon Crawl Stone Soup version 0.19-a0-1637-gfc13266 (webtiles) character file.

6409 Amnesiac the Prestidigitator (level 10, 0/65 HPs)
             Began as a Mummy Artificer on Sept 19, 2016.
             Was an Initiate of Gozag.
             Engulfed by a steam dragon's steam (2 damage)
             ... on level 11 of the Dungeon.
             The game lasted 00:27:40 (13850 turns).

Amnesiac the Prestidigitator (Mummy Artificer)     Turns: 13850, Time: 00:27:41

Health: 0/65       AC:  8    Str: 16    XL:     10   Next: 66%
Magic:  0/29       EV: 12    Int: 11    God:    Gozag
Gold:   776        SH:  0    Dex: 15    Spells: 0 memorised, 9 levels left

rFire  . . .     SeeInvis .     k - +1 dagger (drain)
rCold  + . .     Gourm    .     B - +2 robe of Vines {NoDeviceHeal Regen+7}
rNeg   + + +     Faith    .     (no shield)
rPois  ∞         Spirit   +     F - +1 helmet "Ejuaqa" {rN+}
rElec  .         Dismiss  .     u - +0 cloak
rCorr  .         Reflect  .     (no gloves)
MR     +....     Harm     .     j - +0 pair of boots
Stlth  ++........               s - amulet of guardian spirit
                                n - ring of magical power
                                a - ring of protection from fire

@: gold aura
A: no food or potions, fire vulnerability, cold resistance 1, negative energy
resistance 3, torment resistance, unbreathing
a: Potion Petition, Call Merchant, Bribe Branch, Renounce Religion


You were on level 11 of the Dungeon.
You worshipped Gozag.
Gozag was pleased with you.
You were not hungry.

You visited 2 branches of the dungeon, and saw 12 of its levels.

You collected 1607 gold pieces.
You spent 325 gold pieces at shops.
You paid 506 gold pieces to Gozag.

Inventory:

Hand Weapons
 b - a +2 morningstar of freezing
 k - a +1 dagger of draining (weapon)
Armour
 j - a +0 pair of boots (worn)
 p - a +0 large shield
 u - a +0 cloak (worn)
 B - the +2 robe of Vines (worn) {NoDeviceHeal Regen+7}
   (You found it on level 7 of the Dungeon)

   It increases your rate of regeneration.
 F - the +1 helmet "Ejuaqa" (worn) {rN+}
   (You found it on level 8 of the Dungeon)

   It protects you from negative energy.
Jewellery
 a - a ring of protection from fire (left hand)
 n - a ring of magical power (right hand)
 s - an amulet of guardian spirit (around neck)
 t - an uncursed amulet of magic regeneration
 y - an uncursed ring of resist corrosion
 D - a +2 ring of evasion
 G - an uncursed amulet of dismissal
Wands
 c - a wand of flame (0/48)
 d - a wand of enslavement (8/24)
 e - a wand of random effects (7/48)
 h - a wand of flame (0/48)
 i - a wand of flame (0/48)
 w - a wand of random effects (10/48)
 E - a wand of polymorph (9/24)
Scrolls
 f - 5 scrolls of remove curse
 g - 4 scrolls of recharging
 l - 4 scrolls of magic mapping
 m - a scroll of fog
 o - 2 scrolls of enchant armour
 q - 6 scrolls of teleportation
 r - 4 scrolls of enchant weapon
 v - a scroll of blinking
 x - a scroll of immolation
 z - 3 scrolls of amnesia
 A - 2 scrolls of fear
 C - 2 scrolls of identify
 H - a scroll of summoning
 I - a scroll of torment


   Skills:
 - Level 1.0 Fighting
 - Level 1.0 Short Blades
 - Level 1.5 Dodging
 - Level 0.7 Stealth
 + Level 13.4 Evocations


You had 9 spell levels left.
You didn't know any spells.

Dungeon Overview and Level Annotations

Branches:
Dungeon (11/15)            Temple (1/1) D:4            Lair (0/6) D:10
    Orc (0/2) D:10

Altars:
Ashenzari
Cheibriados
Dithmenos
Elyvilon
Fedhas
Gozag
Hepliaklqana
Kikubaaqudgha
Makhleb
Nemelex Xobeh
Okawaru
Qazlal
Ru
Sif Muna
Trog
Uskayaw
Vehumet
Xom
Yredelemnul
Zin
The Shining One

Shops:
D:5 !   D:7 =

Portals:
Trove: D:11 (show slimy rune of Zot)


Innate Abilities, Weirdness & Mutations

You do not eat or drink.
Your flesh is vulnerable to fire.
You are immune to poison.
Your flesh is cold resistant. (rC+)
You are immune to negative energy. (rN+++)
You are immune to unholy pain and torment.
You can survive without breathing.


Message History

You easily resist.
The hill giant hits you with a giant club!!
Ouch! That really hurt!
The eye of draining gazes at you.
The vampire casts a spell.
The vampire flickers and vanishes!
Deactivating autopickup; reactivate with Ctrl-A.
You bump into the rock wall.
You feel less confused.
The hill giant hits you with a giant club!!!
Ouch! That really hurt!
* * * LOW HITPOINT WARNING * * *
The phantom blinks!
The phantom blinks!
The steam dragon breathes steam at you. The ball of steam hits you!
* * * LOW HITPOINT WARNING * * *
You are engulfed in a cloud of scalding steam.
You die...
Your body crumbles into a pile of gold.

♣..................
##.............# $
##..............##
#...........D....##
##<..........§.....####
#............§...o.ooG####
#............§...###.o..o###.
#.........W.§§C### ####o.o.C.
###....)....@§## #§$###...
###.......### #..oo[# #.
##...#...### #.......§# ##
###..####### ..........#
.###...## ..........#
.....### ........... .#..##
...........# ###.##
............ #..#


You could see a hill giant, a phantom, a steam dragon and an orc warrior.

Vanquished Creatures
  An unseen horror (D:10)
  A hill giant (D:10)
  Psyche (D:8)
  Prince Ribbit (D:7)
  A human (D:6)
  A water moccasin (D:9)
  An orc warrior (D:7)
  A black bear (D:9)
  2 phantoms (D:9)
  An ice beast (D:9)
  A necrophage (D:6)
  5 ogres
  3 centaurs
  A big kobold (D:9)
  9 bullfrogs
  A water moccasin skeleton (D:5)
  5 scorpions
  10 wights (D:7)
  3 killer bees (D:8)
  4 howler monkeys
  A bullfrog zombie (D:9)
  3 crimson imps
  3 jellies
  2 centaur skeletons
  4 hounds
  2 bullfrog skeletons (D:4)
  A gnoll shaman (D:6)
  An iron imp (D:6)
  4 orc priests
  2 iguanas (D:9)
  Natasha (thrice) (D:2)
  9 orc wizards
  7 worker ants
  2 killer bee zombies
  The ghost of Amnesiac the Charlatan, a weakling DDAr (D:3)
  A hound zombie (D:6)
  A worker ant zombie (D:5)
  4 gnolls
  A howler monkey skeleton (D:9)
  2 river rats (D:3)
  9 adders
  3 shadow imps
  2 adder zombies
  An adder skeleton (D:5)
  5 worms
  A dart slug (D:1)
  2 leopard geckos
  41 orcs
  A ball python (D:1)
  9 giant cockroaches
  6 goblins
  7 hobgoblins
  15 jackals
  5 quokkas
  9 bats
  4 frilled lizards
  A goblin zombie (D:6)
  4 hobgoblin zombies (D:6)
  12 kobolds
  An orc zombie (D:6)
  12 rats
257 creatures vanquished.

Vanquished Creatures (others)
  The ghost of nublet the Gusty, a novice HEAE of Sif Muna (D:5)
  2 orc wizards
  An adder (D:4)
  A quokka (D:5)
5 creatures vanquished.

Grand Total: 262 creatures vanquished

Notes
Turn   | Place    | Note
-------+----------+-------------------------------------------
     0 | D:1      | Amnesiac the Mummy Artificer began the quest for the Orb.
     0 | D:1      | Reached XP level 1. HP: 15/15 MP: 2/2
    28 | D:1      | Reached skill level 1 in Short Blades
   189 | D:2      | Reached XP level 2. HP: 20/21 MP: 4/4
   368 | D:3      | Noticed Amnesiac's ghost (weakling DDAr)
   396 | D:2      | Reached skill level 3 in Evocations
   533 | D:4      | Reached XP level 3. HP: 22/26 MP: 5/5
   587 | D:2      | Found a white marble altar of Elyvilon.
   922 | D:3      | Reached skill level 4 in Evocations
   922 | D:3      | Reached XP level 4. HP: 29/32 MP: 5/7
  1155 | D:3      | Found an ancient bone altar of Kikubaaqudgha.
  1460 | D:4      | HP: 1/32 [scorpion (8)]
  1470 | D:4      | Reached XP level 5. HP: 2/37 MP: 8/8
  1976 | D:4      | Reached skill level 5 in Evocations
  2125 | D:4      | Found a staircase to the Ecumenical Temple.
  2130 | Temple   | Entered the Ecumenical Temple
  2261 | D:4      | Reached XP level 6. HP: 24/43 MP: 10/10
  2417 | D:4      | Found a snail-covered altar of Cheibriados.
  2442 | D:3      | Killed Amnesiac's ghost
  2576 | D:2      | Noticed Natasha
  2600 | D:2      | Killed Natasha
  2779 | D:2      | Noticed Natasha
  2788 | D:2      | Killed Natasha
  2947 | D:2      | Noticed Natasha
  2965 | D:2      | Killed Natasha
  2965 | D:2      | Reached skill level 6 in Evocations
  3283 | D:2      | Found a glowing silver altar of Zin.
  3288 | D:2      | Found a burning altar of Makhleb.
  3289 | D:2      | Noticed a cacodemon
  3290 | D:2      | Noticed an angel
  3294 | D:2      | Found a sparkling altar of Nemelex Xobeh.
  4344 | D:5      | Entered Level 5 of the Dungeon
  4432 | D:5      | Noticed nublet's ghost (novice HEAE)
  4636 | D:4      | Reached XP level 7. HP: 6/48 MP: 12/12
  5093 | D:4      | Reached skill level 7 in Evocations
  5117 | D:4      | Found a radiant altar of Vehumet.
  5411 | D:5      | Found a stormy altar of Qazlal.
  5641 | D:5      | Found a basalt altar of Yredelemnul.
  5691 | D:5      | Found a shadowy altar of Dithmenos.
  5693 | D:5      | Found an opulent altar of Gozag.
  5938 | D:5      | Became a worshipper of Gozag Ym Sagoz the Greedy
  6930 | D:5      | Found Tetiddif's Distillery.
  7672 | D:6      | Reached skill level 8 in Evocations
  7703 | D:5      | Killed nublet's ghost
  7703 | D:5      | Reached XP level 8. HP: 15/54 MP: 4/14
  8027 | D:6      | Reached skill level 9 in Evocations
  8061 | D:6      | Found a glowing golden altar of the Shining One.
  8575 | D:6      | Found a bloodstained altar of Trog.
  9306 | D:6      | Reached skill level 10 in Evocations
  9406 | D:7      | Reached XP level 9. HP: 22/59 MP: 6/16
  9921 | D:7      | Noticed Prince Ribbit
 10266 | D:7      | Reached skill level 11 in Evocations
 10531 | D:7      | Killed Prince Ribbit
 10653 | D:8      | Found a blossoming altar of Fedhas.
 10661 | D:8      | Noticed Psyche
 10740 | D:7      | Bought an uncursed ring of protection from fire for 325 gold pieces
 10943 | D:8      | Killed Psyche
 10943 | D:8      | Reached skill level 12 in Evocations
 10996 | D:8      | Reached XP level 10. HP: 45/65 MP: 7/19
 11184 | D:8      | Got a twisted helmet
 11190 | D:8      | Identified the +1 helmet "Ejuaqa" {rN+} (You found it on level 8 of the Dungeon)
 12275 | D:9      | Found a stormy altar of Qazlal.
 12601 | D:10     | Entered Level 10 of the Dungeon
 12643 | D:10     | Found a staircase to the Lair.
 12777 | D:10     | Noticed a hill giant
 12779 | D:10     | Found a staircase to the Orcish Mines.
 12813 | D:10     | Killed a hill giant
 12813 | D:10     | Reached skill level 13 in Evocations
 13488 | D:10     | Killed an unseen horror
 13757 | D:11     | Found a portal to a secret trove of treasure.
 13826 | D:11     | Noticed a hill giant
 13828 | D:11     | Noticed a hill giant
 13849 | D:11     | HP: 2/65 [something/ball of steam (10)]
 13850 | D:11     | Engulfed by a steam dragon's steam

Vault maps used:
D:1:      lemuel_arrival_room
D:2:      grunt_temple_overflow_order_and_chaos_2,
          nemelex_xobeh_ov_fountains_minmay, lemuel_crystal_altar, uniq_natasha
D:3:      overflow_temple_1_default, portal_sewer_entry_e, first_bread,
          kennysheep_generic_room_4
D:4:      cheibriados_altar_1, kennysheep_little_box
D:5:      nicolae_overflow_hidden_temple, serial_shops, shop
D:6:      basic_altar, nicolae_tso_besieged_by_evil
D:7:      grunt_ogre_cave, grunt_ministairs_1, uniq_prince_ribbit1
D:8:      fedhas_bush_and_centaur_altar, uniq_psyche
D:9:      nicolae_qazlal_style_of_elements
D:10:     lair_0_dummy, orc_0_dummy, minmay_holes
D:11:     kennysheep_kobold_lugonu_temple, nicolae_trove_entry_columns,
          lab_entry_generic
Temple:   nicolae_temple_figure_zero

Skill      XL: |  1  2  3  4  5  6  7  8  9 10 |
---------------+-------------------------------+-----
Short Blades   | 1 |  1.0
Evocations     | 3 4 5 6 8 10 12 13 | 13.4
Fighting       | |  1.0
Dodging        | |  1.5
Stealth        | |  0.7

Action                   |  1- 3 |  4- 6 |  7- 9 | 10-12 || total
-------------------------+-------+-------+-------+-------++-------
Melee: Short sword       |    23 |       |       |       ||    23
       Long sword        |    52 |   385 |       |       ||   437
       Dagger            |       |       |   553 |   442 ||   995
       Morningstar       |       |       |   291 |    76 ||   367
Invok: Call Merchant     |       |       |     1 |       ||     1
Evoke: Wand              |    15 |    18 |    17 |     1 ||    51
  Use: Scroll            |       |     5 |     9 |     2 ||    16
 Stab: Distracted        |       |       |     3 |       ||     3
Armor: Leather armour    |     5 |       |       |       ||     5
       Scale mail        |    35 |   167 |   250 |       ||   452
       Robe              |       |       |   117 |   215 ||   332
Dodge: Dodged            |    52 |   205 |   521 |   332 ||  1110
